 Dungeon Crawl Stone Soup version 0.30.0-3-ga4e48a9924 (webtiles) character file.

Game seed: 10336735972984887725

4998 NinjaNoafa the Brooding (level 10, -3/102 HPs)
             Began as a Merfolk Reaver on May 7, 2023.
             Was a Priest of Hepliaklqana.
             Slain by an orc warrior
             ... wielding a +0 glaive
              (14 damage)
             ... on level 9 of the Dungeon.
             The game lasted 00:22:04 (7451 turns).

NinjaNoafa the Brooding (Merfolk Reaver)            Turns: 7451, Time: 00:22:05

Health: -3/102     AC:  5    Str: 13    XL:     10   Next: 54%
Magic:  17/17      EV: 20    Int: 12    God:    Hepliaklqana [***...]
Gold:   297        SH:  0    Dex: 17    Spells: 12/13 levels left

rFire   . . .        a - +2 dagger (speed)
rCold   . . .        (no shield)
rNeg    . . .        L - +0 leather armour
rPois   +            P - +0 helmet
rElec   .            G - +0 cloak
rCorr   .            (no gloves)
SInv    .            (no boots)
Will    .....        U - amulet of faith Stlth
                     p - ring of poison resistance
HPRegen 0.37/turn    l - +5 ring of evasion
MPRegen 0.15/turn

%: faith
@: berserking, very quick
A: reduced essence, (nimble swimmer 2), mertail
a: Renounce Religion, Recall Ancestor, Ancestor Identity, Transference


You were on level 9 of the Dungeon.
You worshipped Hepliaklqana.
Hepliaklqana was most pleased with you.
You visited 2 branches of the dungeon, and saw 10 of its levels.
You also visited: Sewer.

You collected 587 gold pieces.
You spent 290 gold pieces at shops.

Inventory:

Hand Weapons
 a - a +2 dagger of speed (weapon)
 b - a +3 short sword
Missiles
 f - 6 curare-tipped darts
 u - 5 javelins
 v - 5 boomerangs
 y - a throwing net
 M - 27 poisoned darts
Armour
 G - a +0 cloak (worn)
 L - a +0 leather armour (worn)
 P - a +0 helmet (worn)
Jewellery
 g - a ring of protection from cold
 l - a +5 ring of evasion (right hand)
 p - a ring of poison resistance (left hand)
 U - an amulet of faith (around neck)
Wands
 B - a wand of iceblast (19)
 F - a wand of paralysis (3)
 H - a wand of quicksilver (5)
 Q - a wand of flame (7)
Scrolls
 c - 3 scrolls of vulnerability
 e - 3 scrolls of immolation
 j - 3 scrolls of amnesia
 m - a scroll of butterflies {unknown}
 n - 2 scrolls of poison {unknown}
 q - 2 scrolls of magic mapping {unknown}
 r - a scroll of noise
 s - 8 scrolls of teleportation
 x - 2 scrolls of silence
 z - a scroll of torment {unknown}
 D - 2 scrolls of acquirement {unknown}
 O - a scroll of brand weapon {unknown}
 R - 2 scrolls of enchant weapon {unknown}
 T - a scroll of fear {unknown}
Potions
 d - a potion of cancellation
 h - 3 potions of curing
 o - 2 potions of haste
 t - 2 potions of lignification
 w - a potion of resistance
 A - 3 potions of heal wounds
 C - a potion of magic
 E - 3 potions of invisibility
 I - a potion of degeneration {unknown}
 J - 2 potions of attraction {unknown}
 K - 2 potions of mutation
 N - 3 potions of flight


   Skills:
 - Level 5.8 Fighting
 - Level 5.4(7.8) Short Blades
 - Level 8.7(9.4) Long Blades
 - Level 7.0 Dodging
 - Level 2.0 Spellcasting
 - Level 4.0 Conjurations
 - Level 4.0 Necromancy
 + Level 9.6 Invocations


You had 12 spell levels left.
You knew the following spells:

 Your Spells              Type           Power      Damage    Failure   Level
a - Kiss of Death         Conj/Necr      40%        2d8       7%          1

Your spell library contained the following spells:

 Spells                   Type           Power      Damage    Failure   Level
 Vampiric Draining        Necr           10%        2d6       21%         3
 Momentum Strike          Conj/Tloc      12%        3d8       22%         2
 Sandblast                Erth           2%         2d4       34%         1
 Slow                     Hex            4%         N/A       34%         1
 Sting                    Tmut/Pois      4%         1d3       34%         1
 Summon Small Mammal      Summ           4%         N/A       34%         1
 Hailstorm                Conj/Ice       6%         3d4       41%         3
 Stone Arrow              Conj/Erth      12%        3d7       41%         3
 Ensorcelled Hibernation  Hex/Ice        2%         N/A       45%         2
 Passwall                 Tmut/Erth      0%         N/A       45%         2
 Call Canine Familiar     Summ           1%         N/A       71%         3
 Confusing Touch          Hex            1%         N/A       71%         3
 Ozocubu's Armour         Ice            1%         N/A       71%         3
 Portal Projectile        Hex/Tloc       2%         N/A       71%         3
 Spider Form              Tmut/Pois      1%         N/A       71%         3
 Summon Guardian Golem    Hex/Summ       1%         N/A       71%         3
 Vhi's Electric Charge    Tloc/Air       2%         N/A       71%         3
 Anguish                  Hex/Necr       3%         N/A       83%         4
 Leda's Liquefaction      Hex/Erth       0%         N/A       98%         4
 Arcjolt                  Conj/Air       3%         1d13      99%         5
 Metabolic Englaciation   Hex/Ice        0%         N/A       100%        5
 Plasma Beam              Fire/Air       0%         2x1d11    100%        6
 Simulacrum               Ice/Necr       3%         N/A       100%        6
 Ozocubu's Refrigeration  Ice            0%         4d7       100%        7


Dungeon Overview and Level Annotations

Branches:
Dungeon (9/15) Zot: 26941  Temple (1/1) D:4 Zot: 5918   Sewer (visited)
   Lair: D:8-11         Orc: D:9-12

Altars:
Ashenzari
Cheibriados
Dithmenos
Elyvilon
Fedhas
Gozag
Hepliaklqana
Kikubaaqudgha
Makhleb
Nemelex Xobeh
Okawaru
Qazlal
Ru
Sif Muna
Trog
Vehumet
Wu Jian
Xom
Yredelemnul
Zin
The Shining One

Portals:
Bailey: D:9


Innate Abilities, Weirdness & Mutations

Your life essence is reduced to manifest your ancestor. (-10% HP)
((You are very nimble when in or above water. (Stealth+, EV+, Speed+++)))
Your lower body shifts to a powerful aquatic tail in water.


Message History

It stops flaming.
The centaur hits you.
* * * LOW HITPOINT WARNING * * *
The centaur kicks you but does no damage.
The tourney hits the centaur with a +0 quarterstaff.
The centaur misses you. x2; The orc closely misses you.
The goblin closely misses you.
Things that are here:
a +0 spear; a goblin corpse Unknown command.
You hit the centaur.
The centaur is severely wounded.
Okay, then.
A red film seems to cover your vision as you go berserk!
You feel yourself moving faster!
You feel mighty!
The centaur hits you but does no damage.
The centaur closely misses you.
The tourney hits the centaur with a +0 quarterstaff!
The centaur dies!
The orc hits you with a +0 short sword.
* * * LOW HITPOINT WARNING * * *
The goblin hits you from afar with a +0 spear.
* * * LOW HITPOINT WARNING * * *
You puncture the orc!
You kill the orc!
The tourney hits the orc warrior with a +0 quarterstaff!
The orc priest calls upon Beogh to heal the orc warrior.
The orc warrior is healed somewhat.
The orc priest calls down the wrath of Beogh upon you.
Beogh smites you!
* * * LOW HITPOINT WARNING * * *
The orc warrior closely misses you. The orc closely misses you.
You see here a +1 shortbow of flaming.
Unknown command.
You feel a strong urge to attack something.
The tourney gestures at the orc warrior while chanting.
The puff of frost misses the orc warrior.
The orc priest hits you from afar with a +1 trident of protection.
* * * LOW HITPOINT WARNING * * *
The orc warrior hits you from afar with a +0 glaive!
You die...

#### #..# #..# #..# #..#
# #..# # #. ####..# .#
##..######.....#####..##
...............@Ro......
........~≈~~~≈~.)o.o....
######.~#####~)#o######
#.~# #g.).#
#.~#.∩gg~..##
#.~#...#~.## #.~#####~.#
##.~~~~~~~.#
#.......[..#


You could see the friendly The tourney the battlemage, an orc warrior (ally
target), 2 orc priests, an orc and 2 goblins.

Vanquished Creatures
  Sigmund (D:2)
  A yak (D:9)
  An ice beast (D:7)
  A centaur (D:8)
  Blork the orc (D:6)
  A kobold brigand (D:6)
  A bullfrog (D:6)
  A scorpion (D:6)
  A gnoll sergeant (D:3)
  2 orc priests
  7 hounds
  2 jellies (D:6)
  A sleepcap (D:3)
  2 orc wizards
  4 adders
  18 gnolls (D:3)
  A river rat (Sewer)
  A worm (D:3)
  5 dart slugs
  32 orcs
  4 ball pythons
  2 bats
  2 endoplasms (D:1)
  3 giant cockroaches
  5 goblins
  12 hobgoblins
  14 jackals
  6 quokkas
  7 frilled lizards
  11 kobolds
  6 rats
156 creatures vanquished.

Vanquished Creatures (collateral kills)
  Pikel (D:5)
  4 yaks (D:9)
  A wyvern (D:7)
  A water moccasin (D:8)
  A black bear (D:6)
  2 ice beasts
  A sky beast (D:7)
  An ogre (D:6)
  4 centaurs
  4 kobold brigands
  3 bullfrogs
  3 scorpions (D:6)
  4 wights (D:6)
  A sleepcap (D:6)
  An orc priest (D:7)
  A gnoll bouda (D:6)
  2 hounds (D:6)
  4 iguanas
  6 orc wizards
  9 gnolls
  2 adders (D:6)
  A river rat (Sewer)
  2 white imps
  2 ufetubi
  17 orcs
  2 jackals (D:5)
  4 kobolds (Sewer)
  2 rats (Sewer)
86 creatures vanquished.

Vanquished Creatures (others)
  A battlemage (D:6)
  4 fungi (D:2)
  3 plants
8 creatures vanquished.

Grand Total: 250 creatures vanquished

Notes
Turn   | Place    | Note
-------+----------+-------------------------------------------
     0 | D:1      | NinjaNoafa the Merfolk Reaver began the quest for the Orb.
     0 | D:1      | Reached XP level 1. HP: 16/16 MP: 3/3
   177 | D:1      | Reached XP level 2. HP: 20/22 MP: 5/5
   606 | D:1      | Found a faded altar of an unknown god.
   615 | D:1      | Got Plato's Atlas of Shapeshifting
   744 | D:2      | Noticed Sigmund
   758 | D:2      | Killed Sigmund
   759 | D:2      | Reached skill level 5 in Long Blades
   759 | D:2      | Reached XP level 3. HP: 8/27 MP: 3/6
   759 | D:2      | Reached XP level 4. HP: 10/33 MP: 3/7
   759 | D:2      | Reached XP level 5. HP: 11/38 MP: 3/8
  1634 | D:3      | Found Negocyim's Magic Scroll Shoppe.
  1644 | D:3      | Bought a scroll of identify for 20 gold pieces
  1644 | D:3      | Bought a scroll of identify for 20 gold pieces
  1644 | D:3      | Bought a scroll of noise for 10 gold pieces
  1644 | D:3      | Bought a scroll of teleportation for 30 gold pieces
  1958 | D:3      | Reached XP level 6. HP: 44/44 MP: 9/9
  2362 | D:3      | Reached XP level 7. HP: 33/50 MP: 10/10
  3060 | D:1      | Prayed at the altar of an unknown god.
  3060 | D:1      | Became a worshipper of Hepliaklqana the Forgotten
  3060 | D:1      | Reached * piety under Hepliaklqana
  3923 | D:4      | Identified the +9 spear of Blood-Lust {freeze, *Corrode
                  | rElec Int+6}
  4249 | D:4      | Found a staircase to the Ecumenical Temple.
  4258 | Temple   | Entered the Ecumenical Temple
  4460 | D:4      | Reached XP level 8. HP: 18/45 MP: 11/11
  4550 | D:4      | Reached ** piety under Hepliaklqana
  4552 | D:4      | Remembered your ancestor The tourney as a battlemage
  4748 | D:5      | Entered Level 5 of the Dungeon
  4869 | D:5      | Noticed Pikel
  4877 | D:5      | Killed Pikel
  4878 | D:5      | Reached skill level 5 in Dodging
  5118 | D:5      | Reached skill level 5 in Fighting
  5330 | D:3      | Bought a scroll of vulnerability for 40 gold pieces
  5330 | D:3      | Bought 2 scrolls of immolation for 80 gold pieces
  5330 | D:3      | Bought a scroll of teleportation for 30 gold pieces
  5330 | D:3      | Bought a scroll of teleportation for 30 gold pieces
  5330 | D:3      | Bought a scroll of teleportation for 30 gold pieces
  5567 | D:6      | Noticed Blork the orc
  5578 | D:6      | Killed Blork the orc
  5640 | D:6      | Reached XP level 9. HP: 42/56 MP: 12/12
  5721 | D:6      | Found a glowing drain.
  5731 | Sewer    | Entered a sewer
  5841 | Sewer    | Reached skill level 1 in Invocations
  5875 | Sewer    | Found a white marble altar of Elyvilon.
  5981 | D:6      | Reached skill level 1 in Short Blades
  5981 | D:6      | Reached skill level 2 in Invocations
  6065 | D:6      | Reached skill level 3 in Invocations
  6234 | D:6      | Reached skill level 4 in Invocations
  6279 | D:6      | Reached skill level 5 in Short Blades
  6279 | D:6      | Reached skill level 5 in Invocations
  6541 | D:7      | Found Ququp's General Store.
  6550 | D:7      | Reached skill level 6 in Invocations
  6608 | D:7      | Reached XP level 10. HP: 65/68 MP: 14/14
  6704 | D:7      | Reached *** piety under Hepliaklqana
  6945 | D:7      | Reached skill level 7 in Invocations
  7216 | D:8      | Reached skill level 8 in Invocations
  7396 | D:9      | Reached skill level 9 in Invocations
  7440 | D:9      | Found a flagged portal.
  7451 | D:9      | Slain by an orc warrior

Illustrated notes

Levels and vault maps discovered:
D:1:      dpeg_arrival_court, layout_loops_ring,
          shapermc_ecumenical_altar_rom_forum
D:2:      layout_loops_corners, dreamdust_mushroom_princess,
          minmay_curled_crystal, nrook_mini_backslash, chequers_garden,
          uniq_sigmund
D:3:      lemuel_castle_with_subvaults [lemuel_castle_interior_original],
          layout_basic, serial_shops, nicolae_lakefront_shop, hex_tiny
D:4:      layout_basic, minmay_temple_entry_purple_smoke, minmay_between
D:5:      layout_loops_cross, uniq_pikel
D:6:      layout_rooms, gup_sewer_entry_bubbles, minmay_joined_circles,
          uniq_blork_the_orc
D:7:      layout_loops_ring, serial_shops, shop
D:8:      mumra_celtic_spiral_tile, layout_layer_cave, kennysheep_little_box,
          minmay_fractal_squares_diagonal_5, uniq_psyche
D:9:      layout_small_grid, enter_bailey_3, minivault_15
Temple:   compressed_dpeg_circular_temple

Skill      XL: |  1  2  3  4  5  6  7  8  9 10 |
---------------+-------------------------------+-----
Long Blades    | 4 5 6 7 8 |  8.7
Conjurations   | 3 4 |  4.0
Necromancy     | 2 3 4 |  4.0
Dodging        | 4 6 7 |  7.0
Fighting       | 3 5 |  5.8
Invocations    | 6 9 |  9.6
Short Blades   | 5 |  5.4
Spellcasting   | |  2.0

Action                     |  1- 3 |  4- 6 |  7- 9 | 10-12 || total
---------------------------+-------+-------+-------+-------++-------
  Melee: Falchion          |    74 |   202 |   237 |       ||   513
         Punch             |       |     2 |     3 |     4 ||     9
         Tailslap          |       |     5 |    11 |       ||    16
         Long sword        |       |       |    80 |       ||    80
         Dagger            |       |       |   122 |   121 ||   243
         Short sword       |       |       |     7 |       ||     7
  Throw: Javelin           |       |     5 |       |       ||     5
         Dart              |       |     1 |       |       ||     1
   Cast: Kiss of Death     |     2 |       |     3 |       ||     5
 Invoke: Ancestor Identity |       |       |     1 |       ||     1
         Recall Ancestor   |       |       |     4 |       ||     4
         Ancestor Life: Ba |       |       |     1 |       ||     1
    Use: Scroll            |       |     2 |     8 |     2 ||    12
         Potion            |       |       |       |     1 ||     1
   Stab: Sleeping          |       |     2 |     3 |       ||     5
         Distracted        |       |       |     3 |     2 ||     5
 Armour: Leather armour    |    23 |    30 |    56 |    12 ||   121
  Dodge: Dodged            |    46 |   183 |   445 |    89 ||   763
